Map: Romanticide LE

Players

Faintear - Winner!

  • Race: Terran Terran
  • Spawn Location: 11:00

VOD

Have the link to the VOD?

Description

Time

  • Played on: Nov. 11, 2020, 6:48 p.m.
  • Length: 25:14
Show
View Real Time Build Order
Export as new Build Order

Faintear Terran - Winner!

Build Orders:  

Get SALT Encoding   

  12  0:00  SCV  
  13  0:17  SCV  
  14  0:25  Supply Depot  
  14  0:34  SCV  
  15  0:55  SCV  
  15  0:58  Barracks  
  16  1:07  Refinery  
  16  1:12  SCV  
  17  1:29  SCV  
  18  1:46  SCV  
  19  2:07  Orbital Command  
  19  2:16  Command Center  
  19  2:34  Factory  
  19  2:42  SCV  
  20  2:59  SCV  
  21  3:07  Barracks Tech Lab  
  21  3:13  Supply Depot  
  21  3:16  SCV  
  22  3:27  Refinery  
  22  3:33  SCV  
  23  3:48  Barracks Reactor  
  23  3:50  SCV  
  24  4:07  Orbital Command  
  24  4:09  Siege Tank  
  27  4:29  SCV  
  28  4:46  SCV  
  28  4:47  SCV, Factory  
  30  5:03  SCV  
  30  5:04  SCV  
  30  5:08  Siege Tank  
  35  5:15  Refinery  
  35  5:18  Refinery  
  35  5:20  SCV  
  35  5:21  SCV  
  35  5:29  Command Center  
  37  5:37  SCV  
  37  5:38  SCV  
  39  5:51  Supply Depot  
  39  5:54  SCV  
  39  5:55  SCV  
  41  6:03  Siege Tank  
  44  6:11  Engineering Bay  
  44  6:15  Armory  
  44  6:17  SCV  
  44  6:18  SCV  
  46  6:34  SCV  
  46  6:35  SCV  
  48  6:43  Hellion  
  48  6:44  Hellion  
  52  6:51  SCV  
  52  6:59  Supply Depot  
  53  7:00  SCV  
  53  7:09  SCV  
  55  7:17  SCV  
  56  7:25  Supply Depot  
  56  7:27  Supply Depot, SCV  
  57  7:32  Supply Depot  
  57  7:34  Orbital Command, SCV  
  58  7:43  Command Center  
  58  7:44  SCV  
  55  7:51  SCV  
  55  7:52  Thor  
  55  7:53  Hellion x2  
  60  8:14  Terran Vehicle Weapons Level 1  
  54  8:24  SCV, Factory  
  54  8:25  SCV  
  54  8:28  Factory  
  53  8:30  Orbital Command  
  53  8:34  Hellion x2  
  52  8:41  SCV  
  52  8:42  SCV  
  53  8:58  SCV  
  53  8:59  SCV  
  53  9:02  Thor  
  59  9:15  SCV x2  
  61  9:32  SCV x3  
  64  9:49  SCV x3, Factory Tech Lab x2  
  67  9:53  Hellbat x2  
  71  10:02  Thor  
  71  10:07  SCV  
  71  10:08  SCV x2  
  80  10:18  Command Center  
  80  10:19  Refinery  
  80  10:23  Refinery  
  80  10:24  SCV, Armory  
  80  10:25  SCV x2, Missile Turret  
  83  10:41  SCV x2  
  83  10:42  SCV  
  83  10:43  Factory  
  83  10:47  Factory  
  86  10:50  Factory  
  86  10:55  Factory  
  86  10:56  Factory  
  86  10:58  SCV x2  
  86  10:59  SCV  
  89  11:04  Hellion  
  89  11:05  Thor x2  
  89  11:06  Hellion  
  105  11:15  SCV x2  
  105  11:16  SCV  
  108  11:28  Supply Depot  
  108  11:32  Supply Depot  
  108  11:34  Thor  
  114  11:40  SCV x2  
  116  11:58  SCV x3  
  116  11:59  Supply Depot  
  119  12:00  Supply Depot  
  119  12:03  Supply Depot x2  
  119  12:04  Supply Depot  
  119  12:07  Factory Reactor  
  119  12:08  Factory Tech Lab x4  
  119  12:15  SCV  
  120  12:25  Command Center  
  120  12:26  SCV  
  120  12:27  SCV  
  122  12:32  SCV  
  123  12:43  SCV  
  123  12:44  SCV  
  123  12:49  SCV  
  126  13:00  SCV  
  126  13:01  SCV  
  126  13:13  Hellion x2  
  126  13:14  Thor x5  
  154  13:25  Hellion  
  154  13:26  Hellbat  
  142  13:31  Terran Vehicle Weapons Level 2  
  142  13:32  Terran Vehicle And Ship Armor Level 1  
  128  13:42  SCV x3  
  128  13:46  Planetary Fortress  
  130  13:59  SCV x2  
  126  14:07  Hellbat x2  
  126  14:08  Thor  
  134  14:16  SCV x2  
  134  14:17  SCV  
  137  14:30  Command Center  
  137  14:33  SCV x3  
  140  14:45  Refinery  
  140  14:47  Refinery  
  140  14:48  Hellbat x2  
  140  14:49  Thor  
  150  15:04  Supply Depot  
  150  15:07  Supply Depot  
  150  15:09  Supply Depot  
  150  15:13  Hellbat x2  
  160  15:35  Thor  
  160  15:36  Thor x2  
  172  16:14  Hellbat  
  172  16:15  Hellbat x2  
  172  16:16  Hellbat  
  180  16:21  Factory Tech Lab  
  180  16:24  Thor  
  101  16:40  Planetary Fortress  
  186  17:21  Hellion  
  186  17:22  Hellbat x2  
  186  17:25  Hellbat  
  186  17:26  Thor  
  186  17:28  Hellion x11  
  200  17:39  Terran Vehicle And Ship Armor Level 2, Terran Vehicle Weapons Level 3  
  200  18:24  Command Center  
  188  18:51  Hellbat x2  
  188  18:52  Hellbat x2  
  188  18:53  Hellbat, Infernal Pre-Igniter  
  188  18:54  Hellbat  
  200  19:02  Structure Armor  
  192  19:19  Factory  
  186  19:22  Factory  
  186  19:25  Factory  
  186  19:28  Factory  
  186  19:30  Factory  
  186  19:34  Factory  
  186  19:35  Factory  
  186  19:36  Hellbat  
  186  19:37  Thor x2, Factory  
  198  19:40  Factory  
  198  19:41  Factory  
  196  19:54  Unknown  
  192  20:15  Refinery  
  192  20:19  Refinery  
  192  20:22  Thor, Hi-Sec Auto Tracking  
  198  20:36  Factory Reactor x2  
  198  20:37  Factory Reactor, Factory Tech Lab x3  
  198  20:39  Factory Tech Lab  
  190  20:40  Factory Tech Lab  
  190  21:01  Terran Vehicle And Ship Armor Level 3  
  190  21:34  Thor  
  196  22:17  Command Center  
  196  22:19  Command Center  
  196  22:22  Command Center  
  196  22:24  Command Center  
  178  22:36  Thor  
  178  22:37  Thor x2  
  196  23:39  Unknown  
  196  24:15  Orbital Command x4  
  196  24:27  Hellbat  
  196  24:28  Hellbat  
Tags
 
Add a new tag
Caveats
  • Supply blocks, unpowered buildings, or Contaminate may cause inaccurate times.
  • Supply counts are checked every 10 seconds.